 Dungeon Sprint DCSS version 0.26.1-11-gd32895ea62 (webtiles) character file.

Game seed: 11668806191435728337

406 Zeld the Cleaver (level 6, -1/55 HPs)
             Began as a Deep Dwarf Monk on June 12, 2021.
             Was a Believer of Makhleb.
             Slain by a +3 scimitar of holy wrath (9 damage)
             ... in the Dungeon (Sprint V: "Ziggurat Sprint").
             The game lasted 00:01:22 (732 turns).

Zeld the Cleaver (Deep Dwarf Monk)                   Turns: 732, Time: 00:01:22

Health: -1/55      AC: 19    Str: 29    XL:     6   Next: 56%
Magic:  5/5        EV:  3    Int: 10    God:    Makhleb [**....]
Gold:   0          SH: 23    Dex: 15    Spells: 5/5 levels left

rFire    . . .     SeeInvis +   a - +14 obsidian axe {vorpal, +Fly SInv *Curse} (curse)
rCold    . . .     Faith    .   i - +3 tower shield
rNeg     . . .     Spirit   .   h - +5 crystal plate armour
rPois    .         Reflect  .   (no helmet)
rElec    .         Harm     .   (no cloak)
rCorr    .         Rampage  .   (no gloves)
Will     .....     NoTele   +   (no boots)
Stlth    ..........             (no amulet)
HPRegen  0.00/turn              v - +6 ring of strength
MPRegen  0.09/turn              w - +6 ring of strength

@: mesmerised, non-regenerating
A: damage resistance, heal wounds, sense surroundings 1, no regeneration
a: Heal Wounds, Renounce Religion, Evoke Flight, Minor Destruction


You were in the Dungeon.
You worshipped Makhleb.
Makhleb was pleased with you.
You visited 1 branch

Inventory:

Hand Weapons
 a - the cursed +14 obsidian axe (weapon) {vorpal, +Fly SInv *Curse}
   (You found it in the Dungeon)

   It inflicts extra damage upon your enemies.
   It lets you see invisible.
   It lets you fly.
   It curses itself when equipped.
   It has a curse placed upon it.
 j - a +5 broad axe
Armour
 h - a +5 crystal plate armour (worn)
 i - a +3 tower shield (worn)
Jewellery
 v - a +6 ring of strength (left hand)
 w - a +6 ring of strength (right hand)
Wands
 x - a wand of disintegration (7)
 y - a wand of iceblast (7)
 z - a wand of acid (7)
Scrolls
 g - 4 scrolls of blinking
 p - 4 scrolls of amnesia
 q - 7 scrolls of fog
 r - a scroll of holy word
 s - 5 scrolls of identify
 t - 5 scrolls of remove curse
 u - 2 scrolls of fear
Potions
 b - 10 potions of curing
 c - 10 potions of heal wounds
 d - 6 potions of haste
 e - 7 potions of magic
 f - 2 potions of berserk rage
 k - 2 potions of brilliance
 l - 2 potions of invisibility
 m - 4 potions of resistance
 o - 5 potions of might
Miscellaneous
 n - a lightning rod (4/4)


   Skills:
 - Level 2.6 Fighting
 * Level 11.1 Axes
 - Level 3.2 Dodging
 - Level 2.4 Stealth
 * Level 11.1 Shields
 - Level 2.6 Unarmed Combat


You had 5 spell levels left.
You didn't know any spells.
Your spell library was empty.

Dungeon Overview and Level Annotations

Branches:
Dungeon (1/1)

Altars:
Ashenzari
Cheibriados
Dithmenos
Elyvilon
Fedhas
Gozag
Hepliaklqana
Kikubaaqudgha
Makhleb
Nemelex Xobeh
Okawaru
Qazlal
Ru
Sif Muna
Trog
Uskayaw
Vehumet
Wu Jian
Xom
Yredelemnul
Zin
The Shining One
Beogh
Jiyva
Lugonu

Annotations:
D 1 transporter


Innate Abilities, Weirdness & Mutations

You are resistant to damage.
You can heal yourself by infusing magical energy.
You passively map a small area around you.
You do not regenerate.


Message History

The +3 scimitar of holy wrath hits you!!
* * * LOW HITPOINT WARNING * * *
Unknown command.
Unknown command.
Your magical essence is drained by the effort!
You feel much better.
You block the deep elf mage's attack. x2
You block the +3 scimitar of holy wrath's attack.
Unknown command.
Unknown command.
You slash the deep elf mage!
The deep elf mage is severely wounded.
You slice the deep elf mage!!
You slash the +3 scimitar of holy wrath!
The +3 scimitar of holy wrath completely misses you.
You block the deep elf mage's attack.
The deep elf mage points at you and mumbles some strange words.
The shard of ice hits you!!
* * * LOW HITPOINT WARNING * * *
The +3 scimitar of holy wrath hits you!
You die...

* *
▓▓▓▓▓▓▓▓▓▓▓▓▓
▓.8©8.▓.8©8.▓
,
▓.):[.▓.....▓
* ,
▓.....▓.).[.▓
,,
▓..Y..▓.))..▓
▓.e(e.▓.....▓
▓..@..▓..©..▓
▓..©..▓▓▓▓▓▓▓
** *▓▓▓▓▓▓▓ *
, 8 ©8 ,, , ,
, , , , , , ,
,, , , , ,, ,


You could see 2 deep elf magi, an ice beast (summoned) and a +3 scimitar of holy
wrath.

Vanquished Creatures
  2 merfolk (D)
2 creatures vanquished.

Vanquished Creatures (others)
  2 large abominations (D)
2 creatures vanquished.

Grand Total: 4 creatures vanquished

Notes
Turn   | Place    | Note
-------+----------+-------------------------------------------
     0 | D        | Zeld the Deep Dwarf Monk began the quest for the Orb.
     0 | D        | Reached XP level 1. HP: 20/20 MP: 1/1
     3 | D        | Found a blossoming altar of Fedhas.
     4 | D        | Found the +6 Majin-Bo {vamp, MP+6 Int+6}
     4 | D        | Found the +9 heavy crossbow "Sniper" {vorpal, Acc+∞ SInv}
     4 | D        | Found the +10 dark maul {vorpal}
     4 | D        | Found the +15 Maxwell's patent armour {-Cast -Tele rElec
                  | Will+ rCorr}
     4 | D        | Found the +18 shield of the Gong {rElec rN+ Will+ EV-5}
     4 | D        | Found the cursed +14 obsidian axe {vorpal, +Fly SInv
                  | *Curse}
     4 | D        | Found the +7 great mace "Firestarter" {inner flame, rF++}
     4 | D        | Found the +6 shillelagh "Devastator" {shatter}
     4 | D        | Found the +11 plutonium sword {*Contam Stlth-}
     4 | D        | Found the +8 lance "Wyrmbane" {slay drac, rPois rF+ rC+
                  | AC+3}
     4 | D        | Found the +9 sword of Zonguldrok {reap}
     4 | D        | Found the cursed +13 scythe of Curses {drain, *Curse}
     4 | D        | Found the +5 sword of Power {vorpal}
     4 | D        | Found the +7 mace of Variability {chain chaos}
     4 | D        | Found the +7 Singing Sword {vorpal, sonic wave}
     4 | D        | Found the +8 storm bow {elec, penet}
     5 | D        | Found a viscous altar of Jiyva.
     5 | D        | Found a hazy altar of Hepliaklqana.
     5 | D        | Found a transporter.
     5 | D        | Found an opulent altar of Gozag.
     5 | D        | Found an ancient bone altar of Kikubaaqudgha.
     5 | D        | Found a corrupted altar of Lugonu.
     9 | D        | Found a burning altar of Makhleb.
    10 | D        | Found a sacrificial altar of Ru.
    10 | D        | Found a stormy altar of Qazlal.
    10 | D        | Found a shimmering blue altar of Sif Muna.
    10 | D        | Found an iron altar of Okawaru.
    10 | D        | Found a bloodstained altar of Trog.
    10 | D        | Found a sparkling altar of Nemelex Xobeh.
    39 | D        | Reached skill level 5 in Axes
    39 | D        | Reached skill level 5 in Shields
    39 | D        | Reached XP level 2. HP: 27/27 MP: 2/2
    83 | D        | Became a worshipper of Makhleb the Destroyer
    83 | D        | Reached * piety under Makhleb
    83 | D        | Reached ** piety under Makhleb
    94 | D        | Entered arena 2.
    94 | D        | Noticed a merfolk
    94 | D        | Noticed a merfolk
    94 | D        | Found a transporter.
    99 | D        | Killed a merfolk
    99 | D        | Killed a merfolk
   100 | D        | Reached XP level 3. HP: 33/33 MP: 3/3
   100 | D        | Reached XP level 4. HP: 40/40 MP: 4/4
   100 | D        | Reached XP level 5. HP: 46/46 MP: 5/5
   100 | D        | Reached XP level 6. HP: 55/55 MP: 6/6
   208 | D        | Killed a large abomination
   354 | D        | Killed a large abomination
   727 | D        | Entered arena 3.
   727 | D        | Noticed a deep elf mage
   727 | D        | Noticed a +3 scimitar of holy wrath
   727 | D        | Noticed a deep elf mage
   727 | D        | Found a transporter.
   728 | D        | Noticed an ice beast
   732 | D        | Slain by a +3 scimitar of holy wrath

Illustrated notes

Levels and vault maps discovered:
D:        sprint_v [room_start, room_1, room_2, room_3, room_4, room_5, room_6,
          room_7, room_8, room_9, room_10, room_11, room_12, room_13, room_14,
          room_15, room_16, room_17, room_18, room_19, room_20, room_21,
          room_22, room_23, room_24, room_25, room_26, room_27]

Skill      XL: |  1  2 |
---------------+-------+-----
Axes           | 5 11 | 11.1
Shields        | 5 11 | 11.1
Fighting       | |  2.6
Dodging        | |  3.2
Stealth        | |  2.4
Unarmed Combat | |  2.6

Action                   |  1- 3 |  4- 6 || total
-------------------------+-------+-------++-------
Melee: Broad axe         |     3 |     3 ||     6
 Abil: Heal Wounds       |       |     1 ||     1
  Use: Potion            |     2 |       ||     2
Armor: Crystal plate arm |     1 |     1 ||     2
Dodge: Dodged            |       |     1 ||     1
Block: Tower shield      |     3 |     7 ||    10
